Unix NetHack Version 5.0.0-0 post-release - last build May  3 2026 23:40:34 (9823c992c0763bbd039eca2974112f46eaf799b3,branch:main).

Game began 2026-05-04 15:45:29, ended 2026-05-04 16:08:48.

GdeVolpiano, neutral male human Monk

               ^
   ------     -.---
   |..<.|     |`...#
   |....|     |..%|#
   |....|     |...|#
   |....|    #....|#
   |....|    #---.-#    ##   #
   |....-#####################
   ----.-     #    ##      #   #
       ###    #    #################
         #    ##   #       #   #   #
         #     #   #       #   ##  #######
     ----.-----#   #       #    ##-------|-----
     |........|#   #-------#     #|.........d||#
     |........-#   #|.....|#     #..........u|-#
     |........|    #|.....|#      |..........||
     ----------    #|.....-#      -----------|-
                   #......|
                    -------

GdeVolpiano the Initiate        St:15 Dx:14 Co:10 In:13 Wi:11 Ch:13  Neutral
Dlvl:6  $:467 HP:0(61) Pw:22(26) AC:5  Xp:6 T:1844 

Latest messages:
 Jolly Jumper picks up a dagger.
 What do you want to zap? [s or ?*]
 In what direction?
 You kill the wolf!
 You kill the giant bat!
 Jolly Jumper drops a dagger.
 Winston eats a giant bat corpse.
 You see here a wolf corpse.
 In what direction?
 The scroll of create monster misses the wolf.
 The wolf bites!
 The hill orc picks up 467 gold pieces.
 Jolly Jumper picks up a dagger.
 You hit the wolf.
 The wolf bites!
 The hill orc picks up a wand of create monster.
 Jolly Jumper drops a dagger.
 Jolly Jumper picks up a wolf corpse.
 Winston picks up a dagger.
 You hit the wolf!
 The wolf just misses!
 The hill orc picks up a silver spear.
 Jolly Jumper drops a wolf corpse.
 Winston eats a wolf corpse.
 You kill the wolf!
 The hill orc picks up an elven mithril-coat.
 l - a scroll of create monster.
 The hill orc puts on an elven mithril-coat.
 The hill orc throws a silver spear!
 The silver spear misses Winston.
 You are hit by a silver spear.
 You kill the hill orc!
 You see here a silver spear.
 u - a silver spear.
 Jolly Jumper picks up a wolf corpse.
 Winston drops a dagger.
 Winston eats a hill orc corpse.
 You swap places with Winston.
 $ - 467 gold pieces.
 V - a wand of create monster.
 Autopickup: ON, for $?!/="+ objects, with one exception.
 What do you want to zap? [sV or ?*]
 In what direction?
 You kill the blue jelly!
 The bolt of fire bounces!
 The bolt of fire hits you!
 Your robe smoulders!
 You die...
 Do you want your possessions identified? [ynq] (y)
 Do you want to see your attributes? [ynq] (y)

Inventory:
 Coins    ('$')
  $ - 467 gold pieces
 Weapons  (')')
  w - 5 +3 shuriken
  B - a +3 shuriken
  u - a +0 silver spear
 Armor    ('[')
  a - an uncursed burnt +2 pair of leather gloves (being worn)
  b - an uncursed burnt +1 robe (being worn)
 Comestibles  ('%')
  e - 6 uncursed food rations
  h - 4 uncursed fortune cookies
  g - 2 uncursed oranges
  M - an uncursed pancake
  H - an uncursed tripe ration
 Scrolls  ('?')
  I - an uncursed scroll of blank paper
  C - 2 uncursed scrolls of confuse monster
  l - an uncursed scroll of create monster
  c - 2 uncursed scrolls of destroy armor
  q - an uncursed scroll of enchant armor
  n - 2 uncursed scrolls of light
  F - an uncursed scroll of remove curse
 Spellbooks  ('+')
  i - a blessed spellbook of confuse monster
  D - an uncursed spellbook of force bolt
 Potions  ('!')
  r - an uncursed potion of monster detection
  Q - an uncursed potion of object detection
  y - an uncursed potion of see invisible
 Wands    ('/')
  V - a wand of create monster (0:3)
  s - a wand of fire (0:1)
 Tools    ('(')
  j - a magic marker (0:22)
  R - an uncursed mirror
  k - an uncursed skeleton key
  v - an uncursed stethoscope
  G - an uncursed tin whistle
 Gems/Stones  ('*')
  o - an uncursed jade stone
  J - an uncursed jet stone
  U - 2 uncursed worthless pieces of black glass
  m - an uncursed worthless piece of violet glass
  K - 2 uncursed worthless pieces of yellowish brown glass

GdeVolpiano the Monk's attributes:

Background:
 You were an Initiate, a level 6 male human Monk.
 You were neutral, on a mission for Chih Sung-tzu
 who was opposed by Shan Lai Ching (lawful) and Huan Ti (chaotic).
 You were right-handed.
 You were in the Dungeons of Doom, on level 6.
 You entered the dungeon 1844 turns ago.
 There was a full moon in effect when your adventure ended.
 You had 549 experience points, 91 more were needed to attain level 7.

Basics:
 You had 0 out of 61 hit points.
 You had 22 out of 26 energy points (spell power).
 Your armor class was 6.
 Your wallet contained 467 zorkmids.
 Autopickup was on for '$?!/="+' plus thrown, with exceptions.

Final Characteristics:
 Your strength was 15 (limit:18/100).
 Your dexterity was 14 (limit:18).
 Your constitution was 10 (limit:18).
 Your intelligence was 13 (limit:18).
 Your wisdom was 11 (limit:18).
 Your charisma was 13 (limit:18).

Final Status:
 You weren't hungry.
 You were unencumbered.
 You were empty handed.
 You had basic skill with martial arts.

Final Attributes:
 You were devoutly aligned.
 You were sleep resistant.
 You were poison resistant.
 You saw invisible.
 You were stealthy.
 You were guarded.
 Your spell casting was enhanced by wearing a robe.
 You were fast.
 You were lucky.
 You are dead.

Miscellaneous:
 You didn't encounter any bones levels.
 Total elapsed playing time was 22 minutes and 40 seconds.

Major events:
 Turn
    1: GdeVolpiano the neutral male human Monk entered the dungeon
  467: entered the Gnomish Mines
 1042: attained the rank of Novice (level 3)
 1769: attained the rank of Initiate (level 6)
 1844: killed by a bolt of fire zapped by himself

Spells:
 Name                 Level Category     Fail Retention
 confuse monster        1   enchantment    0%  76%-100%
 force bolt             1   attack         0%  76%-100%

Skills:
 Fighting Skills
   martial arts       [Basic]
 Weapon Skills
   quarterstaff       [Unskilled]
   spear              [Unskilled]
   crossbow           [Unskilled]
   shuriken           [Unskilled]
 Spellcasting Skills
   attack spells      [Unskilled]
   healing spells     [Basic]
   divination spells  [Unskilled]
   enchantment spells [Unskilled]
   clerical spells    [Unskilled]
   escape spells      [Unskilled]
   matter spells      [Unskilled]

Voluntary challenges:
 Character rerolling was not enabled.
 You followed a strict vegan diet.
 You never hit with a wielded weapon.
 You never genocided any monsters.
 You never polymorphed an object.
 You never changed form.
 You used no wishes.
Achievements:
 You entered the Gnomish Mines.
 You entered a shop.
 You attained the rank of Novice.
 You attained the rank of Initiate.

 The Dungeons of Doom: levels 1 to 6
    Level 1:
       Some fountains, a sink.
    Level 2:
    Level 3:
       A general store.
       Stairs down to The Gnomish Mines.
    Level 4:
    Level 5:
       A fountain.
    Level 6: <- You were here.
       Final resting place for
          you, killed by a bolt of fire zapped by yourself.
 The Gnomish Mines:
    Level 4:


Vanquished creatures:
  2 wolves
  8 leprechauns
  a blue jelly
  a human zombie
  a water nymph
 an orc shaman
  2 rock piercers
  a shrieker
 an elf zombie
  a homunculus
  a hill orc
  2 giant bats
 an iguana
  a hobbit
  a brown mold
  2 yellow molds
  a green mold
  a red mold
  a gnome
  a gecko
  2 jackals
  2 foxes
  a kobold
  a sewer rat
  2 grid bugs
  a bat
  2 lichens
  4 kobold zombies
  5 newts
51 creatures vanquished.

No species were genocided or became extinct.

Game over:
                       ----------
                      /          \
                     /    REST    \
                    /      IN      \
                   /     PEACE      \
                  /                  \
                  |   GdeVolpiano    |
                  |      467 Au      |
                  | killed by a bolt |
                  |  of fire zapped  |
                  |    by himself    |
                  |                  |
                  |       2026       |
                 *|     *  *  *      | *
        _________)/\\_//(\/(/\)/\//\/|_)_______

Goodbye GdeVolpiano the Monk...

You died in The Dungeons of Doom on dungeon level 6 with 2877 points,
and 467 pieces of gold, after 1844 moves.
You were level 6 with a maximum of 61 hit points when you died.

